 Dungeon Crawl Stone Soup version 0.23-a0-650-ga4d50d4 (webtiles) character file.

31 Moebius the Chucker (level 3, 0/29 HPs)
             Began as a Centaur Hunter on Jan 2, 2019.
             Succumbed to an adder's poison
             ... on level 2 of the Dungeon.
             The game lasted 00:03:20 (805 turns).

Moebius the Chucker (Centaur Hunter)                 Turns: 805, Time: 00:03:20

Health: 0/29       AC:  4    Str: 14    XL:     3   Next: 7%
Magic:  3/3        EV:  9    Int: 10    God:
Gold:   79         SH:  0    Dex: 10    Spells: 2/2 levels left

rFire    . . .     SeeInvis .   l - +2 whip (venom)
rCold    . . .     Gourm    .   (no shield)
rNeg     . . .     Faith    .   b - +0 leather armour
rPois    .         Spirit   .   (no helmet)
rElec    .         Reflect  .   (no cloak)
rCorr    .         Harm     .   (no gloves)
MR       .....                  (no barding)
Stlth    +.........             (no amulet)
HPRegen  0.09/turn              (no ring)
MPRegen  0.08/turn              (no ring)

@: lethally poisoned (0 -> -14), very quick
A: large, hooves 3, deformed body, speed 2, tough skin 3
a: no special abilities


You were on level 2 of the Dungeon.
You were not hungry.

You visited 1 branch of the dungeon, and saw 2 of its levels.

You collected 79 gold pieces.

Inventory:

Hand Weapons
 a - a +0 short sword
 j - a cursed -1 mace
 l - a +2 whip of venom (weapon)
Missiles
 c - 6 javelins (quivered)
 d - 2 throwing nets
 e - 6 tomahawks
 g - 15 bolts
 i - 19 arrows
Armour
 b - a +0 leather armour (worn)
Scrolls
 k - a scroll of fear {unknown}
Comestibles
 f - 4 rations


   Skills:
 + Level 2.0 Fighting
 + Level 5.5 Throwing
 - Level 1.3 Dodging
 - Level 0.4 Stealth


You had 2 spell levels left.
You didn't know any spells.
Your spell library was empty.

Dungeon Overview and Level Annotations

Branches:
Dungeon (2/15)

Altars:


Innate Abilities, Weirdness & Mutations

You have hooves in place of feet.
Armour fits poorly on your strangely shaped body.
You cover ground very quickly.
You have extremely tough skin. (AC +3)


Message History

You aren't carrying any potions.
As you read the scroll labeled SUSCHE DYWOPS, it crumbles to dust.
It is a scroll of identify.
j - a cursed -1 mace
* * * LOW HITPOINT WARNING * * *
You feel sick. The adder barely misses you.
You closely miss the adder.
The adder is moderately wounded.
* * * LOW HITPOINT WARNING * * *
You feel sick. The adder completely misses you.
You barely miss the adder.
The adder is severely wounded.
* * * LOW HITPOINT WARNING * * *
You feel sick. The adder bites you.
* * * LOW HITPOINT WARNING * * *
You are more poisoned.
The adder poisons you! The adder closely misses you.
You miss the adder.
The adder is severely wounded.
You die...

#. #. #
#.
#.####.
.......
#.#....
#######
......)##
#.....#
......†@#
#.....#
......S##
##.....#
.......
...<...#
.......
.......#
.......
.......#
.......
.......#
.......
.......#
#......
.......#


You could see an adder.

Vanquished Creatures
  A dart slug (D:1)
  A leopard gecko (D:1)
  5 bats (D:1)
  A giant cockroach (D:1)
  7 goblins
  A hobgoblin (D:1)
  4 kobolds (D:1)
  3 frilled lizards (D:1)
  2 rats (D:1)
25 creatures vanquished.

Notes
Turn   | Place    | Note
-------+----------+-------------------------------------------
     0 | D:1      | Moebius the Centaur Hunter began the quest for the Orb.
     0 | D:1      | Reached XP level 1. HP: 17/17 MP: 1/1
    68 | D:1      | Reached XP level 2. HP: 16/24 MP: 2/2
   238 | D:1      | Reached skill level 5 in Throwing
   750 | D:1      | Reached XP level 3. HP: 29/29 MP: 3/3
   804 | D:2      | HP: 1/29 [adder (2)]
   805 | D:2      | Succumbed to an adder's poison

Vault maps used:
D:1:      minmay_arrival_open_corners, minmay_heptomino_l4
D:2:      first_ration, uniq_natasha

Skill      XL: |  1  2 |
---------------+-------+-----
Throwing       | 5 |  5.5
Fighting       | |  2.0
Dodging        | |  1.3
Stealth        | |  0.4

Action                   || total
-------------------------++-------
Melee: Short sword       ||    31
       Kick              ||     8
       Whip              ||    33
Throw: Javelin           ||    14
  Use: Scroll            ||     1
Armor: Leather armour    ||    29
Dodge: Dodged            ||    45

Table legend:
 A = Non-vault XP
 B = Vault XP
 C = Vault XP percentage of total XP
 D = Non-vault monster count
 E = Vault monster count
 F = Vault count percentage of total count
                 A         B        C        D         E       F
            +---------+---------+-------+---------+---------+-------
      Total |      38 |       7 |  15.6 |      22 |       3 |  12.0
            +---------+---------+-------+---------+---------+-------
        D:1 |      34 |       7 |  17.1 |      20 |       3 |  13.0
        D:2 |       4 |       0 |   0.0 |       2 |       0 |   0.0
            +---------+---------+-------+---------+---------+-------
